 Dungeon Crawl Stone Soup version 0.29.1-15-g9cfb28693d (webtiles) character file.

Game seed: 1810514049984545730

78934 xSliceyx the Marksdemonspawn (level 15, -4/120 HPs)
             Began as a Demonspawn Fighter on Feb 28, 2023.
             Was the Champion of Okawaru.
             Slain by a two-headed ogre
             ... wielding a +0 giant spiked club
              (20 damage)
             ... while paralysed by an ogre mage
             ... on level 2 of the Orcish Mines.
             The game lasted 01:23:06 (26117 turns).

xSliceyx the Marksdemonspawn (Demonspawn Fighter)  Turns: 26117, Time: 01:23:06

Health: -4/120     AC: 27    Str: 23    XL:     15   Next: 19%
Magic:  17/21      EV:  2    Int:  9    God:    Okawaru [******]
Gold:   1749       SH:  0    Dex: 21    Spells: 14/14 levels left

rFire   + . .      SeeInvis +   Y - +9 heavy crossbow "Sniper" {vorpal, Acc+∞ SInv}
rCold   . . .      Faith    .   (shield currently unavailable)
rNeg    . . .      Spirit   .   w - +3 plate armour {rPois}
rPois   +          Reflect  +   c - +2 hat
rElec   .          Harm     .   (no cloak)
rCorr   .          Rampage  .   U - +2 pair of gloves
Will    +....                   (boots unavailable)
Stlth   ..........              E - amulet of reflection
HPRegen 0.30/turn               g - +4 ring of evasion
MPRegen 0.17/turn               V - ring "Liyxkic" {Contam rF+ Dex+7}

@: paralysed, finesse-ful
A: hooves 3, icy blue scales 2, spiny 3, condensation shield
a: Renounce Religion, Heroism, Finesse, Duel


You were on level 2 of the Orcish Mines.
You worshipped Okawaru.
Okawaru was exalted by your worship.
You visited 4 branches of the dungeon, and saw 21 of its levels.
You also visited: Ossuary, Bailey and Gauntlet.

You collected 2057 gold pieces.
You spent 308 gold pieces at shops.

Inventory:

Hand Weapons
 F - the +8 hand crossbow "Bingo" {freeze, rElec rC+}
   (Okawaru gifted it to you on level 3 of the Lair of Beasts)

   Any ammunition fired from it freezes those it strikes, dealing additional
   cold damage.
   It can also slow down cold-blooded creatures.
   rC:        It protects you from cold.
   rElec:     It insulates you from electricity.
 Y - the +9 heavy crossbow "Sniper" (weapon) {vorpal, Acc+∞ SInv}
   (You took it off a minotaur in a Gauntlet)

   Any ammunition fired from it inflicts extra damage upon your enemies.
   Any ammunition fired from it never misses its target.
   SInv:      It lets you see invisible.
Missiles
 o - 6 poisoned darts
 q - 6 curare-tipped darts
 Z - 6 silver javelins
Armour
 b - a scarf of harm
 c - a +2 hat (worn)
 w - a +3 plate armour of poison resistance (worn)
 I - a +0 plate armour of fire resistance
 U - a +2 pair of gloves (worn)
Jewellery
 g - a +4 ring of evasion (left hand)
 s - a ring of ice
 E - an amulet of reflection (around neck)
 S - a ring of flight
 V - the ring "Liyxkic" (right hand) {Contam rF+ Dex+7}
   (You found it in a Gauntlet)

   [ring of protection from fire]

   Dex:       It affects your dexterity (+7).
   rF:        It protects you from fire.
   Contam:    It causes magical contamination when unequipped.
Wands
 e - a wand of flame (14)
 i - a wand of mindburst (13)
 t - a wand of paralysis (12)
 A - a wand of digging (2)
 N - a wand of iceblast (17)
 P - a wand of quicksilver (6)
Scrolls
 f - 3 scrolls of vulnerability {unknown}
 h - 4 scrolls of fog
 m - 6 scrolls of silence
 y - 5 scrolls of teleportation
 z - 4 scrolls of poison
 O - 2 scrolls of blinking
 Q - 4 scrolls of enchant armour
 W - 2 scrolls of fear
Potions
 a - 8 potions of lignification
 d - 2 potions of haste
 k - 10 potions of heal wounds
 l - 2 potions of might
 n - 2 potions of flight
 r - 9 potions of curing
 x - a potion of ambrosia
 B - a potion of berserk rage
 L - a potion of cancellation
 M - 2 potions of resistance
 T - 2 potions of invisibility
Miscellaneous
 C - a tin of tremorstones (2/2)


   Skills:
 - Level 11.7 Fighting
 - Level 1.7 Axes
 + Level 17.1 Ranged Weapons
 - Level 14.0 Armour
 - Level 5.0 Shields
 - Level 8.0 Invocations


You had 14 spell levels left.
You didn't know any spells.
Your spell library contained the following spells:

 Spells                   Type           Power      Damage    Failure   Level
 Beastly Appendage        Tmut           0%         N/A       98%         1
 Freeze                   Ice            0%         1d3       98%         1
 Magic Dart               Conj           0%         1d3       98%         1
 Ensorcelled Hibernation  Hex/Ice        0%         N/A       99%         2
 Passwall                 Tmut/Erth      0%         N/A       99%         2
 Wereblood                Tmut           0%         N/A       99%         2
 Confusing Touch          Hex            0%         N/A       100%        3
 Frozen Ramparts          Ice            0%         1d1       100%        3
 Gell's Gravitas          Tloc           0%         N/A       100%        3
 Mephitic Cloud           Conj/Pois/Air  0%         N/A       100%        3
 Ozocubu's Armour         Ice            0%         N/A       100%        3
 Spider Form              Tmut/Pois      0%         N/A       100%        3
 Swiftness                Air            0%         N/A       100%        3
 Hailstorm                Conj/Ice       0%         3d3       100%        4
 Ice Form                 Ice/Tmut       0%         N/A       100%        4
 Leda's Liquefaction      Hex/Erth       0%         N/A       100%        4
 Lee's Rapid Deconstruct  Erth           0%         3d5*      100%        5
 Yara's Violent Unravell  Hex/Tmut       0%         3d3       100%        5
 Statue Form              Tmut/Erth      0%         N/A       100%        6
 Dragon Form              Tmut           0%         N/A       100%        7
 Enfeeble                 Hex            0%         N/A       100%        7
 Ozocubu's Refrigeration  Ice            0%         4d7       100%        7
 Necromutation            Tmut/Necr      0%         N/A       100%        8
 Call Imp                 Summ           Unusable   N/A       N/A         2
 Simulacrum               Ice/Necr       Unusable   N/A       N/A         6

Dungeon Overview and Level Annotations

Branches:
Dungeon (13/15)            Temple (1/1) D:4            Lair (5/5) D:9
  Swamp (0/4) Lair:3        Snake (0/4) Lair:3        Slime (0/5) Lair:5
    Orc (2/2) D:11        Ossuary (visited)          Bailey (visited)
Gauntlet (visited)
    Elf: Orc:2       Vaults: D:13-14

Altars:
Cheibriados
Gozag
Kikubaaqudgha
Makhleb
Okawaru
Ru
Sif Muna
Trog
Uskayaw
Vehumet
Xom
Yredelemnul
Jiyva

Shops:
D:4 =   D:10 [   Orc:1 (!(   Orc:2 ![[:

Portals:
Trove: D:10 (give +3 storm dragon scales)

Annotations:
D:3 3 runed translucent doors, Ast3rio's ghost, amateur MiBe
D:8 3 runed translucent doors, CommanderCrumbcake's ghost, journeyman GnMo


Innate Abilities, Weirdness & Mutations

You have hooves in place of feet.
You are mostly covered in icy blue scales. (AC +3)
You are completely covered in sharp spines.
A meltable shield of frost defends you. (SH +0)


Message History

You shoot a bolt. The bolt hits the deep troll!
The deep troll is severely wounded.
The deep troll closely misses you. The deep troll claws you.
The deep troll barely misses you.
Unknown command.
Fire: Y) +9 heavy crossbow "Sniper" {vorpal, Acc+∞ SInv}
Press: ? - help, Q - select action, (/) - cycle Shift-Dir - straight line, f/p - deep troll
Aim: a deep troll (heavily wounded, 100% to hit)
You shoot a bolt. The bolt hits the deep troll!!!
You kill the deep troll!
Okawaru accepts your kill. The ogre is struck by your spines.
The ogre hits you with a +0 giant club. The ogre is struck by your spines.
The ogre closely misses you.
The ogre mage points at you and mumbles some strange words.
The bolt of magma hits you!!
Your condensation shield dissipates!
You partially resist.
Fire: Y) +9 heavy crossbow "Sniper" {vorpal, Acc+∞ SInv}
Press: ? - help, Q - select action, (/) - cycle Shift-Dir - straight line, f - ogre mage
Aim: an ogre mage, wielding a +0 halberd and wearing a +0 robe (slightly transparent, 100% to hit)
You shoot a bolt. The bolt hits the ogre mage!
The ogre mage is moderately wounded.
The ogre barely misses you. The ogre mage casts a spell at you.
You suddenly lose the ability to move!
The ogre hits you with a +0 giant spiked club.
The ogre mage hits you but does no damage.
The ogre hits you with a +0 giant club. x2
The two-headed ogre is struck by your spines.
The two-headed ogre hits you with a +0 giant spiked club!
The two-headed ogre hits you with a +0 giant spiked club!!
* * * LOW HITPOINT WARNING * * *
The ogre hits you but does no damage.
The ogre mage hits you but does no damage.
The ogre hits you but does no damage. The ogre is struck by your spines.
The ogre hits you with a +0 giant club!
* * * LOW HITPOINT WARNING * * *
The two-headed ogre is struck by your spines.
The two-headed ogre hits you with a +0 giant spiked club!!
You die...

##### ## ##.#.##
########### #.. #
#.....###....#....##...
###....##....∩...........
.#...................)...
...).).......(...).......
))..)).........OOOO......
......#.........@OO....∩.
............∩....O.......
...#..#.##....#...∩......
..)....##########....#...
...#....# ###### ##
..###..## ..#.... ......
..#..##.##


You could see a two-headed ogre, an ogre mage (invisible) and 5 ogres.

Vanquished Creatures
  A minotaur (Gauntlet)
  A blizzard demon (Gauntlet)
  6 hydras
  Fannar (Lair:1)
  2 boulder beetles
  A catoblepas (Lair:5)
  11 two-headed ogres
  An ogre mage (Orc:2)
  A merfolk avatar (Lair:5)
  4 death yaks (Lair:5)
  A fire crab (Gauntlet)
  4 skeletal warriors (D:11)
  2 sea snakes (Lair:5)
  2 deep trolls
  A deep elf pyromancer (D:12)
  An ugly thing (D:11)
  5 cyclopes
  3 manticores
  36 elephants
  5 black mambas
  Joseph (D:7)
  15 cane toads
  2 gargoyles
  2 torpor snails (Lair:3)
  Maggie (D:7)
  5 rime drakes
  2 kobold demonologists
  9 komodo dragons
  A polar bear (Lair:5)
  10 trolls
  4 tyrant leeches (Lair:3)
  A raiju (Gauntlet)
  21 dream sheep
  3 hornets
  8 blink frogs
  Prince Ribbit (D:5)
  2 vampires
  2 snapping turtles (Lair:5)
  2 shadows
  3 wyverns
  Eustachio (Temple)
  2 fire bats (Gauntlet)
  A spriggan (D:11)
  36 yaks
  3 steam dragons
  2 vampire mosquitoes
  Menkaure (D:7)
  6 wargs
  20 water moccasins
  Edmund (D:4)
  3 acid dragons
  A black bear (Lair:2)
  Pargi (D:4)
  14 orc warriors
  15 ogres
  10 wolves
  3 centaurs
  3 elf zombies (Ossuary)
  A kobold brigand (D:9)
  Blork the orc (D:4)
  2 necrophages
  12 bullfrogs
  2 scorpions
  2 gnoll sergeants
  8 wights
  9 killer bees
  7 vampire bats (Bailey)
  6 howler monkeys
  8 wolf zombies (Bailey)
  An electric eel (Lair:2)
  3 centaur zombies (Ossuary)
  2 quasits (D:6)
  2 jellies (D:5)
  6 human zombies (Ossuary)
  6 orc priests
  2 hounds
  9 iguanas
  Natasha (thrice) (D:2)
  20 orc wizards
  3 mummies (Ossuary)
  Robin (D:4)
  11 gnolls
  5 adders
  3 shadow imps (D:6)
  3 white imps
  4 ufetubi (D:6)
  A worm (D:3)
  A dart slug (D:1)
  70 orcs
  10 endoplasms
  18 goblins
  6 hobgoblins
  8 jackals
  21 kobolds
  5 quokkas
  5 ball pythons
  4 bats
  2 frilled lizards
  22 orc zombies (Bailey)
  6 rats
628 creatures vanquished.

Vanquished Creatures (others)
  3 demonic plants (D:6)
  33 fungi
  65 plants
101 creatures vanquished.

Grand Total: 729 creatures vanquished

Notes
Turn   | Place    | Note
-------+----------+-------------------------------------------
     0 | D:1      | xSliceyx the Demonspawn Fighter began the quest for the
                  | Orb.
     0 | D:1      | Reached XP level 1. HP: 18/18 MP: 1/1
   249 | D:1      | Found a faded altar of an unknown god.
   335 | D:1      | Gained mutation: You are partially covered in sharp spines.
                  | [demonic ancestry]
   335 | D:1      | Reached XP level 2. HP: 24/24 MP: 2/2
   979 | D:2      | Noticed Natasha
  1019 | D:2      | Gained mutation: You have large cloven feet. [demonic
                  | ancestry]
  1019 | D:2      | Reached XP level 3. HP: 29/29 MP: 3/3
  1318 | D:2      | Killed Natasha
  1739 | D:2      | Gained mutation: A meltable shield of frost defends you.
                  | (SH +0) [demonic ancestry]
  1739 | D:2      | Reached XP level 4. HP: 35/35 MP: 4/4
  1976 | D:2      | Noticed Natasha
  1983 | D:2      | Killed Natasha
  2310 | D:2      | Noticed Natasha
  2316 | D:2      | Killed Natasha
  2317 | D:2      | Reached skill level 5 in Shields
  2501 | D:3      | Noticed Ast3rio's ghost (amateur MiBe)
  2578 | D:3      | Gained mutation: You are mostly covered in sharp spines.
                  | [demonic ancestry]
  2578 | D:3      | Reached XP level 5. HP: 39/41 MP: 5/5
  2694 | D:3      | Found a runed translucent gate.
  2694 | D:3      | Found a runed translucent gate.
  2694 | D:3      | Found a runed translucent gate.
  3283 | D:4      | Noticed Pargi
  3283 | D:4      | Noticed an ogre
  3334 | D:4      | Noticed Blork the orc
  3339 | D:4      | Gained mutation: You have hoof-like feet. [demonic
                  | ancestry]
  3339 | D:4      | Reached XP level 6. HP: 32/47 MP: 6/6
  3346 | D:4      | Reached skill level 5 in Armour
  3354 | D:4      | Found a sand-covered staircase.
  3359 | Ossuary  | Entered an ossuary
  3619 | Ossuary  | Reached XP level 7. HP: 40/52 MP: 7/7
  3926 | D:4      | Noticed Robin
  3947 | D:4      | Killed Robin
  3956 | D:5      | Entered Level 5 of the Dungeon
  3991 | D:4      | Found a staircase to the Ecumenical Temple.
  3993 | D:4      | Noticed Eustachio
  4002 | Temple   | Entered the Ecumenical Temple
  4022 | Temple   | Became a worshipper of Warmaster Okawaru
  4071 | D:4      | Killed Pargi
  4072 | D:4      | Gained mutation: You are partially covered in icy blue
                  | scales. (AC +2) [demonic ancestry]
  4072 | D:4      | Reached XP level 8. HP: 40/58 MP: 8/8
  4194 | Temple   | Killed Eustachio
  4660 | D:4      | Killed Blork the orc
  4661 | D:4      | Reached skill level 5 in Fighting
  4730 | D:4      | Noticed Edmund
  4748 | D:4      | Killed Edmund
  4748 | D:4      | Reached * piety under Okawaru
  4958 | D:4      | Found Qashriez's Jewellery Shoppe.
  5496 | D:5      | Noticed Prince Ribbit
  5502 | D:5      | Killed Prince Ribbit
  5502 | D:5      | Reached ** piety under Okawaru
  5503 | D:5      | Reached XP level 9. HP: 50/73 MP: 9/9
  6839 | D:6      | Reached skill level 10 in Fighting
  6956 | D:6      | Reached *** piety under Okawaru
  7010 | D:7      | Found a shimmering altar of Xom.
  7010 | D:7      | Found a shimmering altar of Xom.
  7010 | D:7      | Found a shimmering altar of Xom.
  7010 | D:7      | Found a shimmering altar of Xom.
  7369 | D:6      | Reached skill level 1 in Invocations
  7385 | D:7      | Found a shimmering altar of Xom.
  7385 | D:7      | Found a shimmering altar of Xom.
  7385 | D:7      | Found a shimmering altar of Xom.
  7625 | D:7      | Noticed Menkaure
  7630 | D:7      | Killed Menkaure
  7755 | D:7      | Reached XP level 10. HP: 82/87 MP: 10/12
  7832 | D:7      | Noticed Joseph
  7847 | D:7      | Killed Joseph
  8261 | D:7      | Noticed Maggie
  8269 | D:7      | Killed Maggie
  8271 | D:7      | Reached **** piety under Okawaru
  8288 | D:7      | Reached skill level 5 in Invocations
  9476 | D:8      | Found a runed translucent gate.
  9476 | D:8      | Found a runed translucent gate.
  9483 | D:8      | Found a runed translucent gate.
  9537 | D:8      | Noticed CommanderCrumbcake's ghost (journeyman GnMo)
 10469 | D:9      | Reached ***** piety under Okawaru
 10750 | D:9      | Found a staircase to the Lair.
 10778 | D:9      | Found a bloodstained altar of Trog.
 11520 | D:10     | Entered Level 10 of the Dungeon
 11626 | D:10     | Found Aferuesm's Armour Shoppe.
 11644 | D:10     | Found a flagged portal.
 11654 | Bailey   | Entered a bailey
 11729 | Bailey   | Gained mutation: You are mostly covered in icy blue scales.
                  | (AC +3) [demonic ancestry]
 11729 | Bailey   | Reached XP level 11. HP: 92/95 MP: 17/17
 11828 | Bailey   | Reached skill level 10 in Armour
 12827 | D:10     | Noticed a two-headed ogre
 12836 | D:10     | Killed a two-headed ogre
 12836 | D:10     | Received a gift from Okawaru
 12839 | D:10     | Found a portal to a secret trove of treasure.
 13229 | D:11     | Noticed a two-headed ogre
 13237 | D:11     | Killed a two-headed ogre
 13283 | D:11     | Noticed a skeletal warrior
 13283 | D:11     | Noticed a skeletal warrior
 13477 | D:11     | Found a staircase to the Orcish Mines.
 13508 | D:11     | Found a gate leading to a gauntlet.
 13516 | Gauntlet | Entered a Gauntlet
 13516 | Gauntlet | Found a transporter.
 13527 | Gauntlet | Noticed a fire crab
 13547 | Gauntlet | Found a transporter.
 13549 | Gauntlet | Found a transporter.
 13554 | Gauntlet | Noticed a mana viper
 13562 | Gauntlet | Found a transporter.
 13562 | Gauntlet | a mana viper changed into a yaktaur
 13573 | Gauntlet | Found a transporter.
 13578 | Gauntlet | Found a transporter.
 13578 | Gauntlet | Noticed a five-headed hydra
 13593 | Gauntlet | Found a transporter.
 13612 | Gauntlet | Found a transporter.
 13624 | Gauntlet | Found a transporter.
 13629 | Gauntlet | Noticed a wretched star
 13636 | Gauntlet | Found a transporter.
 13636 | Gauntlet | Noticed an orange crystal statue
 13648 | Gauntlet | Found a transporter.
 13660 | Gauntlet | Found a transporter.
 13665 | Gauntlet | Noticed a blizzard demon
 13678 | Gauntlet | Found a transporter.
 13695 | Gauntlet | Found a transporter.
 13697 | Gauntlet | Found a transporter.
 13727 | Gauntlet | Found a transporter.
 13729 | Gauntlet | Found a transporter.
 13770 | Gauntlet | Killed a fire crab
 13775 | Gauntlet | Found a transporter.
 13778 | Gauntlet | Identified the ring "Liyxkic" {Contam rF+ Dex+7}
 13778 | Gauntlet | Noticed a steelbarb worm
 13896 | Gauntlet | Noticed a reaper
 13960 | Gauntlet | Killed a blizzard demon
 14207 | Gauntlet | Identified the amulet of the Solstice {Spirit Fragile rCorr
                  | MP+9 Str+6}
 14242 | Gauntlet | Identified the +12 sling of Red Resourcefulness {freeze,
                  | rN++ Will- SInv Stlth-}
 14242 | Gauntlet | Noticed a minotaur
 14271 | Gauntlet | Killed a minotaur
 14310 | Gauntlet | Got the Disquisition on Variation
 14605 | Lair:1   | Entered Level 1 of the Lair of Beasts
 14608 | Lair:1   | Reached skill level 1 in Ranged Weapons
 14776 | D:11     | Noticed a skeletal warrior
 14780 | D:11     | Noticed a skeletal warrior
 14780 | D:11     | Killed a skeletal warrior
 14781 | D:11     | Reached skill level 2 in Ranged Weapons
 14784 | D:11     | Killed a skeletal warrior
 14785 | D:11     | Gained mutation: You have hooves in place of feet. [demonic
                  | ancestry]
 14785 | D:11     | Reached XP level 12. HP: 42/101 MP: 18/18
 15090 | D:11     | Reached skill level 3 in Ranged Weapons
 15915 | D:12     | Noticed a four-headed hydra
 15915 | D:12     | Noticed an eight-headed hydra
 15919 | D:11     | Killed a four-headed hydra
 16069 | D:12     | Reached skill level 4 in Ranged Weapons
 16164 | D:12     | Noticed a two-headed ogre
 16168 | D:11     | Identified the +2 scale mail of Zosuqeto {rElec Str+3}
                  | (Okawaru gifted it to you on level 11 of the Dungeon)
 16168 | D:11     | Received a gift from Okawaru
 16363 | D:12     | Killed a two-headed ogre
 16398 | D:12     | Noticed a two-headed ogre
 16402 | D:12     | Killed a two-headed ogre
 16403 | D:12     | Reached skill level 5 in Ranged Weapons
 16693 | D:12     | Noticed a boulder beetle
 16699 | D:12     | Killed a boulder beetle
 16924 | D:12     | Killed an eight-headed hydra
 16978 | D:12     | Reached skill level 6 in Ranged Weapons
 17176 | D:12     | Noticed a six-headed hydra
 17179 | D:12     | Killed a six-headed hydra
 17464 | Lair:1   | Reached skill level 7 in Ranged Weapons
 17684 | Lair:1   | Noticed Fannar
 17689 | Lair:1   | Killed Fannar
 17749 | Lair:1   | Reached skill level 8 in Ranged Weapons
 17768 | Lair:1   | Identified the +2 robe of the Saviour {Int+3}
 18025 | Lair:1   | Identified the +1 pair of boots of Atoivirph {Dex+4 Stlth+}
 18060 | Lair:1   | Reached XP level 13. HP: 105/107 MP: 19/19
 18386 | Lair:2   | Reached skill level 9 in Ranged Weapons
 18437 | Lair:2   | Reached ****** piety under Okawaru
 18818 | Lair:2   | Identified the +4 great sword of Docloce {pain, rElec rF+
                  | Will+} (Okawaru gifted it to you on level 2 of the Lair of
                  | Beasts)
 18818 | Lair:2   | Received a gift from Okawaru
 19314 | Lair:3   | Reached skill level 10 in Ranged Weapons
 19515 | Lair:3   | Found a staircase to the Swamp.
 19790 | Lair:3   | Received a gift from Okawaru
 19791 | Lair:3   | Reached skill level 11 in Ranged Weapons
 19998 | Lair:3   | Identified the +8 hand crossbow "Bingo" {freeze, rElec rC+}
                  | (Okawaru gifted it to you on level 3 of the Lair of Beasts)
 19998 | Lair:3   | Received a gift from Okawaru
 20079 | Lair:3   | Reached skill level 12 in Ranged Weapons
 20203 | Lair:3   | Found a staircase to the Snake Pit.
 21228 | Lair:4   | Received a gift from Okawaru
 21446 | Lair:4   | Reached skill level 13 in Ranged Weapons
 21508 | Lair:4   | Gained mutation: You are completely covered in sharp
                  | spines. [demonic ancestry]
 21508 | Lair:4   | Reached XP level 14. HP: 113/114 MP: 20/20
 22565 | Lair:4   | Reached skill level 14 in Ranged Weapons
 22579 | Lair:4   | Received a gift from Okawaru
 22726 | Lair:5   | Entered Level 5 of the Lair of Beasts
 23278 | Lair:5   | Reached skill level 15 in Ranged Weapons
 23285 | Lair:5   | Received a gift from Okawaru
 24010 | Lair:5   | Found a viscous altar of Jiyva.
 24011 | Lair:5   | Found a staircase to the Slime Pits.
 24175 | Lair:5   | Reached skill level 16 in Ranged Weapons
 24353 | Lair:5   | Identified the +8 rapier of Karma {freeze, rN+}
 24376 | Lair:5   | Got the Textbook on Hyperbolic Congelation
 24609 | Orc:1    | Entered Level 1 of the Orcish Mines
 24680 | Orc:2    | Entered Level 2 of the Orcish Mines
 24701 | Orc:1    | Found Kuagut's Antique Weapon Shop.
 24871 | Orc:1    | Found Eciumm's Distillery.
 24879 | Orc:1    | Found Cibeo's Antique Weapon Shoppe.
 24910 | Orc:1    | Bought a potion of curing for 42 gold pieces
 24976 | Orc:1    | Received a gift from Okawaru
 25502 | Orc:1    | Reached XP level 15. HP: 38/120 MP: 17/21
 26053 | Orc:2    | Reached skill level 17 in Ranged Weapons
 26088 | Orc:2    | Found Joxzairgh's Distillery.
 26089 | Orc:2    | Found Ojoaj's Antique Armour Boutique.
 26096 | Orc:2    | Found Kiysirr's Antique Armour Shoppe.
 26098 | Orc:2    | Bought a potion of curing for 42 gold pieces
 26103 | Orc:2    | Bought a glowing scarf for 224 gold pieces
 26105 | Orc:2    | Found Ilerron's Book Shop.
 26113 | Orc:2    | Paralysed by an ogre mage for 5 turns
 26117 | Orc:2    | Slain by a two-headed ogre

Illustrated notes

Levels and vault maps discovered:
D:1:      minmay_arrival_shattered_statue, layout_basic, serial_rivers,
          chequers_serial_rivers_small_a, chequers_serial_rivers_micro_b,
          chequers_serial_rivers_micro_c, chequers_serial_rivers_marsh,
          chequers_serial_rivers_small_a, chequers_serial_rivers_room_a,
          hellmonk_ecumenical_altar_zigzags, minmay_cut_off
D:2:      layout_loops_ring, serial_glass, glass_columns_b, glass_columns_a,
          uniq_natasha
D:3:      layout_basic, gammafunk_ghost_split
D:4:      layout_basic, temple_pool_b, enter_ossuary_3, serial_shops, shop,
          uniq_pargi, uniq_eustachio, uniq_edmund, uniq_blork_the_orc,
          uniq_robin
D:5:      layout_gridville, uniq_prince_ribbit1
D:6:      layout_gridville, serial_demonic, serial_demonic_d, serial_demonic_b,
          serial_demonic_g, serial_demonic_a
D:7:      layout_loops_ring, nicolae_xom_altar_mimics, uniq_menkaure,
          uniq_maggie, uniq_joseph
D:8:      layout_basic, gammafunk_ghost_icy
D:9:      layout_roguey [special_room_orc], mainiacjoe_overflow_cross_hatched,
          lair_entry_dummy, serial_bayou_pond_d
D:10:     layout_roguey, enter_bailey_3, nicolae_trove_entry_free_sample,
          nicolae_take_the_stairs
D:11:     layout_irregular_city, orc_david_3, gauntlet_entry_generic,
          the_hattery
D:12:     layout_cave_pools
D:13:     layout_loops_ring, dk_noncrumbling_2, uniq_kirke
Temple:   nicolae_temple_bog_church
Lair:1:   layout_long_grid, st_stairs_9, uniq_fannar
Lair:2:   layout_cave_pods, serial_bayou_pond_e, infiniplex_staircase_pool
Lair:3:   layout_regular_city, minmay_swamp_entry_worms,
          minmay_snake_entry_six_corridors
Lair:4:   layout_hall_layers, chequers_serial_rivers_large_b,
          grunt_megastairs_2, lemuel_fruit_fields
Lair:5:   gammafunk_lair_ancient_temple, layout_small_grid, slime_entry_1,
          grunt_megastairs_3, infiniplex_staircase_pool_2
Orc:1:    layout_caves, serial_shops, shop, nicolae_lakefront_shop,
          nicolae_lakefront_shop, nooodl_orcs_dogs
Orc:2:    st_orc_open, layout_caves

Skill      XL: |  1  2  3  4  5  6  7  8  9 10 11 12 13 14 15 |
---------------+----------------------------------------------+-----
Shields        | 3 4 5 |  5.0
Armour         | 3 4 6 8 9 13 14 | 14.0
Fighting       | 7 11 | 11.7
Invocations    | 2 8 |  8.0
Ranged Weapons | 2 8 13 16 17 | 17.1
Axes           | |  1.7

Action                   |  1- 3 |  4- 6 |  7- 9 | 10-12 | 13-15 || total
-------------------------+-------+-------+-------+-------+-------++-------
Melee: War axe           |    50 |    53 |       |       |       ||   103
       Kick              |     4 |    32 |    94 |   104 |       ||   234
       Dagger            |       |    18 |       |       |       ||    18
       Short sword       |       |    58 |   137 |       |       ||   195
       Flail             |       |       |   171 |   303 |       ||   474
       Broad axe         |       |       |       |    60 |       ||    60
 Fire: Heavy crossbow    |       |       |       |   118 |   443 ||   561
Throw: Dart              |       |       |     2 |     8 |       ||    10
Invok: Heroism           |       |       |       |     5 |     1 ||     6
       Finesse           |       |       |       |     4 |     4 ||     8
Evoke: Wand              |       |       |     2 |     4 |       ||     6
  Use: Scroll            |       |     5 |     5 |    11 |    15 ||    36
       Potion            |       |     1 |       |     3 |     1 ||     5
Armor: Scale mail        |    15 |    32 |    34 |       |       ||    81
       Chain mail        |       |       |   163 |   107 |       ||   270
       Plate armour      |       |       |       |    98 |   335 ||   433
Dodge: Dodged            |    15 |    27 |    89 |   187 |   317 ||   635
Block: Buckler           |    14 |    40 |   139 |   295 |       ||   488
       Reflection        |       |       |       |    13 |     2 ||    15
       Other             |       |       |       |    53 |   231 ||   284
